[Event "*** SCC Grand Prix: Titled Tuesday Blitz"]
[Site "Chess.com"]
[Date "2020.08.11"]
[Round "4"]
[White "peixe64"]
[Black "StellarChessPro"]
[Result "1/2-1/2"]
[WhiteElo "2320"]
[BlackElo "2542"]
[TimeControl "180+1"]
[EndTime "10:40:37 PDT"]
[Termination "Game drawn by repetition"]

1. e4 g6 2. d4 Bg7 3. Nf3 d6 4. Bd3 Nf6 5. O-O O-O 6. c3 Nbd7 7. Re1 e5 8. dxe5 Nxe5 9. Nxe5 dxe5 10. Qe2 h6 11. Rd1 Qe7 12. b3 c5 13. Nd2 b6 14.
Nc4 Bb7 15. a4 Rad8 16. f3 Nh5 17. g3 Kh7 18. Ne3 Rd6 19. Ba3 Rfd8 20. Bc4 Rxd1+ 21. Rxd1 Rxd1+ 22. Qxd1 Nf6 23. b4 h5 24. bxc5 bxc5 25. Nd5 Nxd5 26. Bxd5 Ba6 27. Qd2 Bh6 28. Qf2 Bf8 29. Kg2 Qc7 30. h4 Kg7 31. Qb2 Qa5 32. Qb3 c4 33. Bxf8+ Kxf8 34. Bxc4 Bxc4 35. Qxc4 Kg7 36.
Qb4 Qd8 37. Qb2 Qc7 38. Qd2 Qc4 39. Qd5 Qxc3 40. a5 Qb2+ 41. Kh3 Qa1 42. Kg2 Qb2+ 43.
Kh3 Qa1 44. Kg2 Kg8 45. Qd8+ Kh7 46. Qe7 Qb2+ 47. Kh3 Kg7 48. Qxa7 Qa1 49. Kg2 Qa2+ 50. Kh3 Qe2 51. Qe7 Qf1+ 52. Kh2 Qe2+ 53. Kh3 Qb2 54. Qc5 Qa1 55. Kg2 Qb2+ 56. Qf2 Qa1 57. Qc5 Qa2+ 58. Qf2 Qxa5 59. Qb2 Qc5 60. f4 f6 61. fxe5 fxe5 62. Qb7+ Kh6 63. Qb8 Qc2+ 64. Kh3 Kh7 65. Qb7+ Kh6 66.
Qb8 Kh7 67. Qxe5 Qd1 68. Qe7+ Kh6 69. Qg5+ Kh7 70. Qe7+ Kh6 71. Kg2 Qe2+ 72. Kh3 Qf1+ 73.
Kh2 Qe2+ 74. Kh3 Qe1 75. Qg5+ Kh7 76. Qe7+ Kh6 77. Kg2 Qe2+ 78. Kh3 1/2-1/2

[Event "*** SCC Grand Prix: Titled Tuesday Blitz"]
[Site "Chess.com"]
[Date "2020.08.11"]
[Round "4"]
[White "tylityli"]
[Black "boasovietica"]
[Result "0-1"]
[WhiteElo "2164"]
[BlackElo "2403"]
[TimeControl "180+1"]
[EndTime "10:40:37 PDT"]
[Termination "boasovietica won on time"]

1. d4 Nf6 2. c4 g6 3. Nc3 Bg7 4. e4 O-O 5. Nge2 d6 6. Ng3 c5 7.
d5 e6 8. Be2 exd5 9. cxd5 a6 10. a4 Nbd7 11. O-O Re8 12. f4 Rb8 13. Bd3 c4 14.
Bxc4 b5 15. axb5 axb5 16. Bxb5 Rxb5 17. Nxb5 Qb6+ 18. Nd4 Nxe4 19. Ne2 Ba6 20. Rxa6 Qxa6 21. Kh1 Ndc5 22. b4 Nd3 23. b5 Ndf2+ 24. Kg1 Qb6 25. Rxf2 Nxf2 26. Kxf2 Rxe2+ 27. Qxe2 Bxd4+ 28. Be3 Bxe3+ 29.
Qxe3 Qxb5 30. Qd4 Qa5 31. g4 Qc5 32. Ke3 Qc1+ 33. Qd2 Qg1+ 34. Kf3 Qh1+ 35. Kg3 Qe4 36. Kf2 h6 37. Kg3 Kh7 38. h4 h5 39. gxh5 gxh5 40.
Kf2 Kh6 41. Kg3 Qf5 42. Kf3 Qg4+ 43. Ke4 Qxh4 44. Kf5 Qg4+ 45. Kf6 Qg6+ 46. Ke7 h4 47. f5+ Qg5+ 48. Qxg5+ Kxg5 49. Kxd6 h3 50. Ke7 h2 51.
d6 h1=Q 52. d7 Qe4+ 53. Kf8 Qd5 54. Ke8 Kxf5 0-1

[Event "*** SCC Grand Prix: Titled Tuesday Blitz"]
[Site "Chess.com"]
[Date "2020.08.11"]
[Round "4"]
[White "CrushingKings"]
[Black "alfiefischer77"]
[Result "1-0"]
[WhiteElo "2510"]
[BlackElo "2285"]
[TimeControl "180+1"]
[EndTime "10:40:38 PDT"]
[Termination "CrushingKings won on time"]

1. e4 c5 2. Nf3 e6 3. d4 cxd4 4. Nxd4 a6 5. Bd3 Nf6 6. Qe2 d6 7. O-O g6 8. Nc3 Bg7 9. Kh1 O-O 10. f4 Nbd7 11. Be3 Qc7 12. a4 b6 13. f5 Ne5 14. Bg5 Nxd3 15. cxd3 Bd7 16. Rac1 Qb7 17. fxe6 fxe6 18. e5 dxe5 19. Qxe5 Ng4 20. Qd6 Be5 21. Qe7 Bxd4 22. Ne4 Bc6 23. Qxe6+ Kh8 24. Qxg4 Bxe4 25. dxe4 Bxb2 26. Rb1 Bg7 27. h4 Rxf1+ 28. Rxf1 Re8 29. Rd1 h6 30. Bf4 Qxe4 31. Rd7 Qe6 32. Qd1 b5 33. a5 Qe1+ 34. Qxe1 Rxe1+ 35. Kh2 Ra1 36. Bc7 b4 37. Rd8+ Kh7 38. Rd7 Kg8 39. Rxg7+ Kxg7 40. Be5+ Kf7 41. Bxa1 Ke6 42. Kg3 Kd5 43. Kf4 Kc4 44.
Ke5 b3 45. Kf6 Kb4 46. Kxg6 Kxa5 47. Kxh6 Kb4 48. Kg5 a5 49. h5 a4 50. h6 a3 51. h7 b2 52. h8=Q b1=Q 53. Qc3+ Ka4 54. g3 Qb5+ 55. Kh4 Qd7 56. g4 Qe7+ 57. g5 Qh7+ 58. Kg4 Qe4+ 59. Kg3 Qf5 60. Qd4+ Kb3 61. Qc3+ Ka4 62. Qe5 Kb3 63. Qxf5 1-0

[Event "*** SCC Grand Prix: Titled Tuesday Blitz"]
[Site "Chess.com"]
[Date "2020.08.11"]
[Round "4"]
[White "poppy73"]
[Black "GustavoJuarezF"]
[Result "0-1"]
[WhiteElo "2242"]
[BlackElo "2027"]
[TimeControl "180+1"]
[EndTime "10:40:39 PDT"]
[Termination "GustavoJuarezF won by resignation"]

1. e4 c5 2. Nf3 Nc6 3. d4 cxd4 4. Nxd4 Nf6 5. Nc3 e5 6. Ndb5 d6 7. Bg5 a6 8. Na3 b5 9. Nd5 Be7 10. Nxe7 Nxe7 11. Bxf6 gxf6 12. c4 b4 13. Nc2 a5 14.
Ne3 f5 15. exf5 Nxf5 16. Nd5 Be6 17. Bd3 Bxd5 18. Bxf5 Bxg2 19. Rg1 Bc6 20. Qh5 Qf6 21.
O-O-O Ke7 22. Kb1 a4 23. Qg5 Qxg5 24. Rxg5 Kf6 25. Rh5 Rad8 26. Bc2 h6 27. Rg1 Ke7 28. b3 a3 29. Rg7 Kf6 30. Rg3 Ke7 31. Kc1 Rdf8 32.
Kd2 Bd7 33. Rf3 f6 34. Rg3 Be8 35. Rg7+ Rf7 36. Rxf7+ Bxf7 37. Rh3 h5 38. Rg3 h4 39.
Rg1 Rg8 40. Rxg8 Bxg8 41. Ke3 Bf7 42. f4 Bh5 43. fxe5 fxe5 44. Ke4 Bg6+ 45. Kd5 Bxc2 46.
Kc6 Bb1 47. Kb5 e4 48. Kxb4 e3 49. Kc3 Ke6 50. b4 Ke5 51. b5 Kf4 52. b6 Be4 53. b7 Bxb7 54. Kd3 Kf3 55. c5 dxc5 0-1

[Event "*** SCC Grand Prix: Titled Tuesday Blitz"]
[Site "Chess.com"]
[Date "2020.08.11"]
[Round "4"]
[White "GregShahade"]
[Black "TimofeevAr"]
[Result "0-1"]
[WhiteElo "2711"]
[BlackElo "2864"]
[TimeControl "180+1"]
[EndTime "10:40:40 PDT"]
[Termination "TimofeevAr won by resignation"]

1. e4 c5 2. Nf3 d6 3. d4 cxd4 4. Nxd4 Nf6 5. Nc3 e6 6. Be3 Nc6 7. f3 Be7 8. Qd2 O-O 9. O-O-O d5 10. Be2 Na5 11. exd5 Nxd5 12. Nxd5 Qxd5 13. Nb3 Qxd2+ 14. Rxd2 Nc6 15. Rhd1 Rd8 16. Rxd8+ Nxd8 17. f4 Kf8 18. Bf3 Ke8 19. a3 Bd7 20. Na5 Bc6 21. Bxc6+ bxc6 22. b4 a6 23. c4 c5 24. bxc5 Rc8 25. Kc2 e5 26. fxe5 Ne6 27. c6 Bxa3 28. Kb3 Be7 29. Rd7 Bd8 30. Nb7 Rxc6 31. Rd1 Bc7 32. Nd6+ Bxd6 33.
Rxd6 Rxd6 34. exd6 Kd7 35. c5 Kc6 36. Kc4 f5 37. g3 g5 38. Bd2 f4 39. gxf4 gxf4 40. Be1 Nxc5 41. Bd2 Ne6 42. Bb4 f3 43. Be1 Kxd6 44.
Kd3 Kd5 45. Ke3 Nd4 46. Bc3 Nb5 47. Be1 Nd6 48. Kxf3 Nc4 49. Kg4 Ke6 50. Kg5 Kf7 51. Kh6 Kg8 52. h4 a5 53. Bc3 a4 54. h5 a3 55. Kg5 a2 56. Kf5 Na3 57. h6 Nc2 58. Ke6 Kf8 59. Kf6 a1=Q 60. Bxa1 Nxa1 61. Kf5 Nc2 62. Kg5 Nd4 63. Kh5 Kf7 64. Kg5 Ke6 65. Kh5 Kf5 66. Kh4 Kg6 67. Kg3 Kxh6 68. Kh4 Nc6 69.
Kg3 Kg6 70. Kh3 h5 71. Kg3 Kg5 72. Kh3 Ne5 73. Kg2 h4 74. Kh2 Kg4 75. Kg2 Nd3 76. Kh1 Nf4 77. Kh2 h3 78. Kh1 Kg3 79. Kg1 Nd3 80. Kh1 Nf2+ 81. Kg1 h2+ 82. Kf1 h1=Q+ 0-1

[Event "*** SCC Grand Prix: Titled Tuesday Blitz"]
[Site "Chess.com"]
[Date "2020.08.11"]
[Round "4"]
[White "Bastiandash"]
[Black "Alexandr_Kholin"]
[Result "0-1"]
[WhiteElo "2299"]
[BlackElo "2515"]
[TimeControl "180+1"]
[EndTime "10:40:40 PDT"]
[Termination "Alexandr_Kholin won on time"]

1. d4 d5 2. Nf3 e6 3. Bg5 Be7 4. Bxe7 Qxe7 5. e3 Nf6 6. Bd3 Qb4+ 7. Nbd2 Qxb2 8. O-O O-O 9. Ne5 c5 10. c3 Nc6 11. f4 Qxc3 12. Rc1 Qa3 13. Nb1 Qxa2 14.
Rxc5 Nxe5 15. fxe5 Ne4 16. Bxe4 dxe4 17. Nc3 Qa3 18. Qd2 Bd7 19. Nxe4 Bc6 20. Nd6 a5 21. e4 a4 22. Rb1 Bxe4 23. Nxe4 Rac8 24. Rxc8 Rxc8 25.
Qb2 Qe3+ 26. Nf2 a3 27. Qa2 h6 28. g3 Rc3 29. Kg2 b5 30. Rxb5 Qxd4 31. Rb8+ Kh7 32. Qb1+ g6 33. Rb3 Qd5+ 34. Ne4 Qxb3 35. Nf6+ Kg7 36.
Qe1 Qc2+ 37. Kh3 Qf5+ 38. Kg2 Rc2+ 39. Kg1 Qf3 40. Ne8+ Kf8 41. Qb4+ Kxe8 42. Qa4+ Kf8 43. Qxc2 Qe3+ 44. Kg2 Kg7 45. Qa2 Qe4+ 46. Kh3 Qf5+ 47. Kg2 Qe4+ 48. Kh3 Qb4 49. Qf2 Qb7 50. Qf6+ Kh7 51.
Qf2 Qa7 52. Qa2 Qa4 53. Kg2 g5 54. h3 Qe4+ 55. Kh2 Qb4 56. Qf2 Qb2 0-1

[Event "*** SCC Grand Prix: Titled Tuesday Blitz"]
[Site "Chess.com"]
[Date "2020.08.11"]
[Round "4"]
[White "Alex_Belezky"]
[Black "TigrVShlyape"]
[Result "0-1"]
[WhiteElo "2533"]
[BlackElo "2858"]
[TimeControl "180+1"]
[EndTime "10:40:41 PDT"]
[Termination "TigrVShlyape won on time"]

1. Nf3 Nf6 2. g3 g6 3. Bg2 Bg7 4. d3 O-O 5. O-O d5 6. c3 c6 7. Nbd2 Re8 8. e4 e5 9. Re1 dxe4 10. dxe4 Bg4 11. a4 Nbd7 12. Qc2 Nc5 13. Bf1 a5 14. Bc4 Qc7 15. Ng5 Re7 16. Kg2 h6 17. Ngf3 Qd7 18.
Kg1 Rd8 19. Nh4 Kh7 20. Ng2 Nd3 21. Bxd3 Qxd3 22. Qxd3 Rxd3 23. Ne3 Bh3 24. f3 Nd7 25. Nec4 b6 26. Kf2 h5 27. Ke2 Rxd2+ 28. Bxd2 Be6 29. Ne3 Nc5 30. b4 Nb3 31. Rab1 Bh6 32. Red1 Ra7 33.
Nf1 axb4 34. cxb4 Rxa4 35. Bxh6 Kxh6 36. Nd2 Nd4+ 37. Kf2 g5 38. h4 f6 39. Rb2 Ra3 40.
Rc1 Rd3 41. Re1 Ra3 42. Re3 Ra1 43. Re1 Ra8 44. hxg5+ fxg5 45. f4 gxf4 46. gxf4 exf4 47. Nf3 Nxf3 48. Kxf3 Kg5 49. Rc2 Ra3+ 50. Kf2 f3 51.
Rxc6 Bg4 52. Rxb6 h4 53. Rg1 Ra2+ 54. Ke3 Re2+ 55. Kd3 Rg2 56. Rf1 h3 57. b5 h2 58. Rb8 Rg1 59. Rg8+ Kf4 60. Rf8+ Ke5 61. Re8+ Kd6 62. Rd8+ Ke7 63. Rxg1 hxg1=Q 0-1

[Event "*** SCC Grand Prix: Titled Tuesday Blitz"]
[Site "Chess.com"]
[Date "2020.08.11"]
[Round "4"]
[White "Angel_Hranitel_37"]
[Black "kidagent"]
[Result "0-1"]
[WhiteElo "2439"]
[BlackElo "2280"]
[TimeControl "180+1"]
[EndTime "10:40:41 PDT"]
[Termination "kidagent won by checkmate"]

1. d4 d5 2. c4 c6 3. cxd5 cxd5 4. Bg5 Nc6 5. Nc3 f6 6. Bd2 e5 7. e4 dxe4 8. dxe5 fxe5 9. Nxe4 Nf6 10. Nxf6+ Qxf6 11.
Bb5 Bc5 12. Qe2 O-O 13. Qc4+ Be6 14. Qxc5 Nd4 15. Be3 b6 16. Qd6 Nxb5 17. Qb4 Nd4 18. Bxd4 exd4 19. Nf3 Bd5 20. Qxd4 Rae8+ 21. Kf1 Qc6 22. Ne5 Bxg2+ 23. Kg1 Rxe5 24. Qxe5 Bxh1 25. Qg3 Qf3 26. Rc1 Qxg3+ 27. fxg3 Bd5 28. Rc7 Bxa2 29. Rxa7 Bc4 30. Rb7 b5 31. b3 Rf1+ 32. Kg2 Bd5+ 33. Kxf1 Bxb7 34. Ke2 Bd5 35. b4 Bc4+ 36. Ke3 Kf7 37.
Kd4 Kf6 38. Ke4 Kg5 39. h3 h5 40. Kf3 h4 41. g4 Bf1 42. Ke4 Bxh3 43. Kd4 Bxg4 44.
Kc5 Be2 45. Kc6 h3 46. Kb6 h2 47. Ka6 h1=Q 48. Ka5 Qa8+ 49. Kb6 Kf5 50. Kc5 Ke5 51. Kb6 Qc8 52. Ka5 Kd5 53. Kb6 Qc6+ 54. Ka5 Qc8 55. Kb6 Qa8 56. Kc7 Qc6+ 57. Kb8 Qa6 58. Kc7 Bg4 59.
Kb8 Ke6 60. Kc7 Kd5 61. Kb8 Ke6 62. Kc7 Bf3 63. Kb8 Qb7# 0-1

[Event "*** SCC Grand Prix: Titled Tuesday Blitz"]
[Site "Chess.com"]
[Date "2020.08.11"]
[Round "4"]
[White "MFBerna"]
[Black "DrMamaliga"]
[Result "1/2-1/2"]
[WhiteElo "2397"]
[BlackElo "2191"]
[TimeControl "180+1"]
[EndTime "10:40:43 PDT"]
[Termination "Game drawn by repetition"]

1. d4 Nf6 2. Nf3 c5 3. c3 cxd4 4. cxd4 Nc6 5. Nc3 Qb6 6. g3 e6 7. Bg2 Bb4 8. O-O O-O 9. Bf4 d5 10. Rc1 Bd7 11. Na4 Qa5 12. a3 Be7 13. Nc5 Qb6 14.
b4 Rfc8 15. Bg5 Be8 16. Qd3 a5 17. b5 Nxd4 18. Nxd4 Rxc5 19. a4 Rac8 20. Nb3 Rxc1 21. Rxc1 Rxc1+ 22. Bxc1 Nd7 23. Bd2 Nc5 24. Bxa5 Qa7 25.
b6 Qxa5 26. Nxa5 Nxd3 27. exd3 Bc5 28. Nxb7 Bxb6 29. a5 Ba7 30. Bf1 Bc6 31. a6 Kf8 32. Na5 Ba8 33. Nb7 Ke7 34. Kg2 Kd7 35. f4 Kc7 36. Na5 Kb6 37. Nb7 Bxb7 38. axb7 Kxb7 39. Kf3 Kc6 40. g4 Kd6 41. g5 Bg1 42. h4 Bd4 43. Bh3 f5 44. gxf6 gxf6 45. h5 h6 46. Bg2 Kc5 47.
Bh3 f5 48. Bf1 Kb4 49. Ke2 Kc3 50. Bg2 Kc2 51. Bh3 Kc3 52. Bg2 Bf6 53. Bh3 Be7 54.
Bg2 Bd6 55. Ke3 d4+ 56. Ke2 Bxf4 57. Bc6 e5 58. Bd7 e4 59. Bxf5 exd3+ 60. Bxd3 Be3 61. Be4 Bg5 62. Bd3 Be3 63. Be4 Bg5 64. Bd3 Be3 1/2-1/2

[Event "*** SCC Grand Prix: Titled Tuesday Blitz"]
[Site "Chess.com"]
[Date "2020.08.11"]
[Round "4"]
[White "Man-Chuk"]
[Black "1977Ivan"]
[Result "1-0"]
[WhiteElo "2842"]
[BlackElo "2669"]
[TimeControl "180+1"]
[EndTime "10:40:44 PDT"]
[Termination "Man-Chuk won on time"]

1. d4 Nf6 2. c4 c5 3. d5 g6 4. Nc3 Bg7 5. e4 O-O 6. Nf3 e6 7. Bd3 exd5 8. cxd5 d6 9. O-O Bg4 10. h3 Bxf3 11. Qxf3 a6 12. Bf4 b5 13. a4 c4 14.
Be2 b4 15. Nd1 Re8 16. Rc1 Nxe4 17. Rxc4 f5 18. Rxb4 Nd7 19. Nc3 Nxc3 20. bxc3 Nc5 21. Rfb1 Ne4 22. Rb7 Qf6 23. R1b6 Qxc3 24. Qxc3 Nxc3 25.
Bd3 Bd4 26. Rxd6 Re1+ 27. Kh2 Bxf2 28. Rdd7 Bg1+ 29. Kg3 Bd4 30. d6 Ne4+ 31. Bxe4 Rxe4 32. Rdc7 g5 33. Bxg5 Be5+ 34. Kf3 Bxd6 35. Rg7+ Kf8 36. Rxh7 Be5 37. Rhf7+ Kg8 38. Rxf5 Re1 39. Bd2 Rd1 40. Rxe5 Rxd2 41. Rg5+ Kh8 42. Rh5+ Kg8 43. Rhh7 Rd3+ 44.
Kg4 Ra3 45. Rbg7+ Kf8 46. Rc7 Kg8 47. Kh5 Rxa4 48. g4 Ra3 49. h4 Rd3 50. Rcg7+ 1-0

[Event "*** SCC Grand Prix: Titled Tuesday Blitz"]
[Site "Chess.com"]
[Date "2020.08.11"]
[Round "4"]
[White "Durarbayli"]
[Black "attack2mateU"]
[Result "1-0"]
[WhiteElo "2867"]
[BlackElo "2717"]
[TimeControl "180+1"]
[EndTime "10:40:45 PDT"]
[Termination "Durarbayli won by resignation"]

1. e4 c5 2. b3 g6 3. Bb2 Nf6 4. e5 Nd5 5. Nc3 Nxc3 6. dxc3 Bg7 7. f4 O-O 8. Qd2 d6 9. O-O-O Qa5 10. exd6 exd6 11. a3 d5 12. Nf3 Nc6 13. c4 Qxd2+ 14. Rxd2 d4 15. Bd3 Bg4 16. Rf2 Bh6 17. Nd2 Bf5 18. Bxf5 gxf5 19. c3 Rad8 20. cxd4 Nxd4 21. Re1 Bg7 22. g3 Rfe8 23. Rxe8+ Rxe8 24. Kd1 Re3 25. Bxd4 Bxd4 26. Rf3 Re8 27. Rd3 Kg7 28. Nf3 Re4 29.
b4 b6 30. Nd2 Re8 31. Nf3 Re4 32. Ng5 Re3 33. Rxe3 Bxe3 34. b5 Bd4 35. Ke2 Bf6 36.
Nf3 Kf8 37. a4 Ke7 38. Nd2 Ke6 39. Kd3 h5 40. Nf3 Kd6 41. Ke2 Ke6 42. Kf1 Kd6 43. Kg2 Ke6 44. Kh3 Kd6 45. Nd2 Ke6 46. Nb3 Kd6 47. Nc1 Ke6 48. Nd3 Kd6 49. Ne1 Ke6 50.
Nc2 Kd6 51. Ne3 Ke6 52. Nd5 Bd8 53. Nc3 Bf6 54. Nb1 Kd6 55. Nd2 Ke6 56. Nf3 Kd6 57.
Ng5 Bxg5 58. fxg5 Ke5 59. Kh4 Kd4 60. Kxh5 Kxc4 61. Kh6 Kb4 62. Kg7 c4 63. Kxf7 c3 64. g6 c2 65. g7 c1=Q 66. g8=Q Qc4+ 67. Kg7 Qxg8+ 68. Kxg8 Kxa4 69. h4 Kxb5 70. h5 1-0

[Event "*** SCC Grand Prix: Titled Tuesday Blitz"]
[Site "Chess.com"]
[Date "2020.08.11"]
[Round "4"]
[White "carlsen1001"]
[Black "Roaccutane"]
[Result "1-0"]
[WhiteElo "2385"]
[BlackElo "2589"]
[TimeControl "180+1"]
[EndTime "10:40:48 PDT"]
[Termination "carlsen1001 won on time"]

1. Nf3 Nf6 2. c4 c5 3. Nc3 d5 4. cxd5 Nxd5 5. g3 Nc6 6. Bg2 Nc7 7. O-O e5 8. d3 f6 9. Nd2 Be7 10. a4 O-O 11. Nc4 Be6 12. Kh1 Qd7 13. f4 Rfd8 14.
Ne3 exf4 15. gxf4 Nd4 16. Ne4 Bb3 17. Qe1 Nd5 18. Qf2 Rac8 19. Ra3 Nxe3 20. Bxe3 Bxa4 21. Nc3 Bc6 22. Rxa7 f5 23. Bc1 Bf6 24. e4 Ne6 25. e5 Be7 26. Rg1 g6 27. Be3 Ra8 28. Rxa8 Rxa8 29.
Rd1 Rd8 30. Kg1 b5 31. Ne2 c4 32. d4 Bd5 33. Nc3 Nc7 34. Bc1 b4 35. Nxd5 Nxd5 36. Qe2 Qb5 37. b3 Nc3 38. Qe1 Nxd1 39. Qxd1 c3 40.
d5 Bc5+ 41. Kh1 Bf8 42. d6 Kg7 43. Qd4 Kh6 44. Qe3 c2 45. Qh3+ Kg7 46. Qh4 Qd7 47.
Qf6+ Kh6 48. Qg5+ Kg7 49. Qf6+ Kh6 50. Bb2 Bxd6 51. Qg5+ Kg7 52. e6+ Kg8 53. exd7 Rxd7 54. Bd5+ Kf8 55. Qf6+ Ke8 56. Bc6 Be5 57. Qxe5+ 1-0

[Event "*** SCC Grand Prix: Titled Tuesday Blitz"]
[Site "Chess.com"]
[Date "2020.08.11"]
[Round "4"]
[White "Alexsur1981"]
[Black "KuzubovYuriy"]
[Result "1-0"]
[WhiteElo "2576"]
[BlackElo "2822"]
[TimeControl "180+1"]
[EndTime "10:40:50 PDT"]
[Termination "Alexsur1981 won by resignation"]

1. e4 c5 2. Nc3 d6 3. Nf3 e5 4.
Bc4 Be7 5. d3 Be6 6. Nd5 Nf6 7.
Nxf6+ Bxf6 8. Bxe6 fxe6 9. O-O Nc6 10. Be3 Qe7 11. c3 d5 12. Qe2 O-O 13. Rad1 Rad8 14.
Bc1 h6 15. h3 a6 16. Rfe1 Qc7 17. Nd2 b5 18. Nf1 Bh4 19. g3 Bf6 20. Nh2 d4 21. Ng4 Be7 22. Rf1 Bd6 23. Kg2 Kh7 24. h4 Rf7 25. Bd2 Rdf8 26. b3 dxc3 27. Bxc3 Qd7 28.
Rc1 Rc8 29. h5 Qd8 30. Nh2 Qg5 31. Qg4 Qxg4 32. Nxg4 Kg8 33. Rc2 Rd7 34. Kf3 Rdc7 35. Ke2 Nd4+ 36. Bxd4 cxd4 37. Rxc7 Rxc7 38. Rd1 Kf7 39.
f3 Ke8 40. Kd2 Bb4+ 41. Ke2 Rc2+ 42. Kf1 Rxa2 43. Rc1 Bc3 44. Nxe5 a5 45. g4 a4 46. bxa4 bxa4 47. Nc4 Kd7 48. Rb1 Ra1 49. Rxa1 Bxa1 50.
Ke2 Kc6 51. Kd1 Bc3 52. Kc2 Be1 53. f4 Bg3 54. f5 e5 55. Kb2 Kd7 56. Ka3 Ke7 57.
Kxa4 Kf6 58. Nd6 Kg5 59. Ne8 Kxg4 60. Nxg7 Bh4 61. Kb5 Bf6 62. Ne8 Be7 63. f6 Bf8 64. Ng7 Kg5 65. Ne6+ Kxh5 66. Nxf8 Kg5 67. f7 Kf6 68.
Ng6 Kxf7 69. Nxe5+ Ke6 70. Nf3 1-0

[Event "*** SCC Grand Prix: Titled Tuesday Blitz"]
[Site "Chess.com"]
[Date "2020.08.11"]
[Round "4"]
[White "MVM2008"]
[Black "XiaoKangZhong"]
[Result "0-1"]
[WhiteElo "2209"]
[BlackElo "2423"]
[TimeControl "180+1"]
[EndTime "10:40:50 PDT"]
[Termination "XiaoKangZhong won by checkmate"]

1. e4 c6 2. d4 d5 3. exd5 cxd5 4. c4 Nf6 5. Nf3 g6 6. Nc3 Bg7 7. cxd5 O-O 8. Bc4 Nbd7 9. O-O Nb6 10. Bb3 Nfxd5 11. h3 Be6 12. Ne4 Nc7 13. Bc2 Rc8 14.
Re1 Nb5 15. Be3 Nc4 16. a4 Nbd6 17. Nxd6 Qxd6 18. b3 Nxe3 19. Rxe3 Bd5 20. Rd3 Bxf3 21. Rxf3 Bxd4 22. Rd3 e5 23. Kh1 Qc6 24. Rc1 Bb2 25. Rd2 Bxc1 26. Qxc1 Rfd8 27. Rxd8+ Rxd8 28. Qb1 Rc8 29. Be4 Qc1+ 30. Qxc1 Rxc1+ 31. Kh2 b6 32. Bd5 Rd1 33. Bc4 Rd4 34. Kg3 Kf8 35. Kf3 f6 36.
Ke3 Ke7 37. g3 h6 38. f4 g5 39. fxg5 hxg5 40. g4 Kd6 41. Bg8 Kc5 42. Bc4 Kb4 43.
Be6 a6 44. Bf7 b5 45. axb5 axb5 46. Be6 Ka3 47. Bf7 b4 48. Be6 Kb2 49. Bf7 Kc3 50. Be6 Rd1 51. Ke4 Rf1 52. Bf5 Rf4+ 53. Kd5 Kxb3 54.
Ke6 e4 55. Kxf6 e3 56. Kxg5 Rxf5+ 57. gxf5 e2 58. f6 e1=Q 59. f7 Qf2 60. Kg6 Kc2 61.
h4 b3 62. h5 b2 63. h6 b1=Q 64. h7 Kc1+ 65. Kg7 Qbb2+ 66. Kg8 Qb8+ 67. Kg7 Qfg3+ 68.
Kh6 Qbd6+ 69. Kh5 Qdg6# 0-1

[Event "*** SCC Grand Prix: Titled Tuesday Blitz"]
[Site "Chess.com"]
[Date "2020.08.11"]
[Round "4"]
[White "Fortitudine"]
[Black "enriquebutti"]
[Result "1-0"]
[WhiteElo "2265"]
[BlackElo "1810"]
[TimeControl "180+1"]
[EndTime "10:40:50 PDT"]
[Termination "Fortitudine won by resignation"]

1. c4 e5 2. g3 Nc6 3. Bg2 g6 4. Nc3 Bg7 5. e4 d6 6. Nge2 f5 7. d3 Nf6 8. O-O O-O 9. h3 f4 10.
gxf4 Nh5 11. fxe5 dxe5 12. Nd5 Nd4 13. Nxd4 exd4 14. f4 c6 15. Nb4 Qh4 16. Qe1 Qxe1 17. Rxe1 Nxf4 18. Bxf4 Rxf4 19. Rf1 Rxf1+ 20. Rxf1 Be6 21.
Nc2 Rf8 22. Rxf8+ Kxf8 23. Kf2 Be5 24. Kf3 g5 25. b3 h5 26. Kf2 Kg7 27. Ne1 Kf6 28.
Nf3 g4 29. hxg4 hxg4 30. Nxe5 Kxe5 31. Kg3 b5 32. cxb5 cxb5 33. Bf1 a5 34. Be2 b4 35.
Bxg4 Bf7 36. Bd1 a4 37. Kh4 a3 38. Kg5 Be6 39. Kg6 Kf4 40. Kf6 Bh3 41. e5 Ke3 42. Bh5 Kxd3 43. Bg6+ Kc3 44. Bf5 Bg2 45. e6 Bc6 46. Ke7 d3 47. Kd6 Bb5 48. Kc5 Be8 49. e7 d2 50. Bg4 Bf7 51. Bd1 Be8 52. Be2 Kc2 53. Kxb4 d1=Q 54. Bxd1+ Kxd1 55. Kxa3 Kc2 56. Kb4 Kb2 57. a4 Kc2 58. a5 Kd3 59. a6 1-0

[Event "*** SCC Grand Prix: Titled Tuesday Blitz"]
[Site "Chess.com"]
[Date "2020.08.11"]
[Round "4"]
[White "viktorskliarov"]
[Black "timator"]
[Result "1-0"]
[WhiteElo "2583"]
[BlackElo "2684"]
[TimeControl "180+1"]
[EndTime "10:40:51 PDT"]
[Termination "viktorskliarov won by resignation"]

1. e4 c5 2. Nf3 e6 3. c3 Nf6 4. Bd3 d6 5. O-O Nc6 6. Bc2 Be7 7. d4 cxd4 8. cxd4 d5 9. e5 Nd7 10. Nc3 a6 11. a3 b5 12. Qd3 Bb7 13. g3 Rc8 14. Be3 Na5 15. Rae1 Nc4 16. Bc1 Qa5 17. Ne2 b4 18. a4 b3 19. Bxb3 Ndb6 20. Nc3 Bb4 21.
Re2 Nxb2 22. Bxb2 Bxc3 23. Ba3 Bb4 24. Bxb4 Qxb4 25. Rb1 Rc3 26. Qd1 Rxf3 27. Bxd5 Nxd5 28. Rxb4 Nxb4 29. Re3 Rxe3 30. fxe3 O-O 31. Qd2 a5 32.
Qe2 Ba6 33. Qf3 Rc8 34. e4 Rc1+ 35. Kg2 Rc2+ 36. Kh3 Bb7 37. Qe3 h6 38. g4 Bc6 39.
g5 hxg5 40. Qxg5 Bxe4 41. Qd8+ Kh7 42. Qh4+ Kg8 43. Qxe4 Rc3+ 44. Kg4 Nd5 45. Qe2 Re3 46. Qb5 Re4+ 47. Kg3 Rxd4 48. Qxa5 g6 49. Qd8+ Kg7 50. Qa5 Rd3+ 51. Kf2 g5 52. Qa7 Nf4 53. a5 Ra3 54. a6 g4 55. Qb7 Rf3+ 56. Ke1 Nd3+ 57. Kd2 Nc5 58. Qxf3 gxf3 59. a7 f2 60. Ke2 Ne4 61. a8=Q Nc3+ 62. Kxf2 Nd5 63. Kf3 1-0

[Event "*** SCC Grand Prix: Titled Tuesday Blitz"]
[Site "Chess.com"]
[Date "2020.08.11"]
[Round "4"]
[White "EndGameDestroyer"]
[Black "MrChampion_Coach"]
[Result "0-1"]
[WhiteElo "2234"]
[BlackElo "2432"]
[TimeControl "180+1"]
[EndTime "10:40:51 PDT"]
[Termination "MrChampion_Coach won on time"]

1. e4 c5 2. f4 d6 3. Nf3 Nc6 4. Bb5 Bd7 5. Nc3 g6 6. O-O Bg7 7. d3 Nf6 8. Ne2 Qc7 9. c3 a6 10. Ba4 e5 11. Bb3 O-O-O 12. Bxf7 Bg4 13. Ng5 Kb8 14.
Be6 h6 15. fxe5 Nxe5 16. Bxg4 hxg5 17. Be6 d5 18. Ng3 dxe4 19. Bxg5 Rxd3 20. Qe2 Nd5 21. Qxe4 Qd6 22. Bf7 Ka7 23. c4 Nb4 24. a3 Rd4 25. Qe2 Nbd3 26. b4 Ng4 27. bxc5 Qxc5 28. h3 Re4+ 29. Kh1 Rxe2 30. Nxe2 Qe3 31. Bxe3+ Nxe3 32. Rf3 Bxa1 33. Rxe3 Nc5 34. Bd5 Bb2 35. Re7 Bf6 36. Rc7 Bb2 37. Rf7 Re8 38. Ng3 Re1+ 39. Kh2 Be5 40. Rf3 g5 41. Rb3 Bf4 42. Rf3 Be5 43. Bf7 Bf4 44. Bh5 Kb6 45. Bg4 Ka5 46. Rc3 Ka4 47. Rf3 a5 48. Bc8 Rd1 49. Rc3 Rd8 50. Bf5 Rd4 51. Rf3 Rxc4 52. Be6 Rc1 53. Bf7 b5 54. Be8 Rb1 55. Rc3 Nb7 56. Rd3 Rb3 57. Rd4+ Kxa3 58. Rd7 b4 59. Rxb7 Rxg3 60. Kg1 Re3 61. Bf7 Bg3 0-1

[Event "*** SCC Grand Prix: Titled Tuesday Blitz"]
[Site "Chess.com"]
[Date "2020.08.11"]
[Round "4"]
[White "gross-aleks"]
[Black "MasterKroket"]
[Result "1-0"]
[WhiteElo "2619"]
[BlackElo "2415"]
[TimeControl "180+1"]
[EndTime "10:40:53 PDT"]
[Termination "gross-aleks won by checkmate"]

1. c4 e6 2. Nf3 Nf6 3. e3 b6 4. b3 Bb7 5. Bb2 Be7 6. Be2 O-O 7. O-O d5 8. cxd5 Nxd5 9. a3 Bf6 10. Qc2 c5 11. d4 cxd4 12. Bxd4 Nc6 13. Bxf6 Qxf6 14. Nbd2 Rac8 15. Ne4 Qg6 16. Qb1 Rfd8 17. Rc1 f5 18. Nc3 Nxc3 19. Rxc3 Qf6 20. Qb2 Na5 21. Rxc8 Rxc8 22. Qxf6 gxf6 23. Nd4 Bd5 24. Rb1 Nc6 25. Rc1 Kf7 26. Ba6 Rg8 27. Rxc6 Rxg2+ 28. Kf1 Bxc6 29.
Nxc6 Rxh2 30. Nxa7 Rh1+ 31. Kg2 Rb1 32. Bc4 Ke7 33. a4 e5 34. Nc8+ Kd7 35. Nxb6+ Kc6 36. Nd5 h5 37. Nxf6 h4 38. a5 Ra1 39. a6 f4 40. exf4 exf4 41. Nd5 f3+ 42. Kxf3 Rg1 43. Nf4 Kb6 44. Nh3 Rg7 45. Ke2 Rg2 46. Kf1 Rg7 47.
Be2 Rg8 48. b4 Rg7 49. b5 Rg8 50. f4 Rg3 51. Nf2 h3 52. f5 h2 53. Bc4 Rg1+ 54.
Ke2 h1=Q 55. Nxh1 Rxh1 56. f6 Rh6 57. f7 Rf6 58. Ke3 Rf5 59. Ke4 Rf2 60. Ke5 Rf3 61.
Be6 Kxb5 62. a7 Ra3 63. f8=Q Rxa7 64. Qb8+ Ka6 65. Bc4+ Ka5 66. Qb5# 1-0